 Dungeon Crawl Stone Soup version 0.27.1-33-g824d729ab1 (webtiles) character file.

Game seed: 4836072084592077737

135 Gabide the Poker (level 5, -2/41 HPs)
             Began as a Human Monk on Nov 26, 2021.
             Slain by Grinder (3 damage)
             ... while paralysed by Grinder
             ... on level 4 of the Dungeon.
             The game lasted 00:06:16 (4762 turns).

Gabide the Poker (Human Monk)                       Turns: 4762, Time: 00:06:16

Health: -2/41      AC:  5    Str: 13    XL:     5   Next: 41%
Magic:  5/5        EV:  2    Int: 10    God:
Gold:   93         SH:  0    Dex: 15    Spells: 4/4 levels left

rFire    . . .     SeeInvis +   a - +2 spear
rCold    . . .     Faith    .   (no shield)
rNeg     . . .     Spirit   .   k - +0 ring mail
rPois    .         Reflect  .   (no helmet)
rElec    .         Harm     .   (no cloak)
rCorr    .         Rampage  .   (no gloves)
Will     .....                  (no boots)
Stlth    ++........             (no amulet)
HPRegen  0.13/turn              l - ring of see invisible
MPRegen  0.09/turn              g - +4 ring of evasion

@: paralysed
A: no striking features
a: no special abilities


You were on level 4 of the Dungeon.
You visited 1 branch of the dungeon, and saw 4 of its levels.

You collected 93 gold pieces.

Inventory:

Hand Weapons
 a - a +2 spear (weapon)
Armour
 k - a +0 ring mail (worn)
Jewellery
 e - a ring of flight
 g - a +4 ring of evasion (right hand)
 l - a ring of see invisible (left hand)
Scrolls
 b - a scroll of amnesia
Potions
 c - a potion of cancellation
 d - a potion of flight {unknown}
 j - a potion of might


   Skills:
 + Level 3.5 Fighting
 + Level 3.9 Polearms
 * Level 1.5 Armour
 + Level 3.5 Dodging
 + Level 3.1 Stealth


You had 4 spell levels left.
You didn't know any spells.
Your spell library contained the following spells:

 Spells                   Type           Power      Damage    Failure   Level
 Animate Skeleton         Necr           0%         N/A       63%         1
 Apportation              Tloc           0%         N/A       63%         1
 Corona                   Hex            0%         N/A       63%         1
 Summon Small Mammal      Summ           0%         N/A       63%         1


Dungeon Overview and Level Annotations

Branches:
Dungeon (4/15)
 Temple: D:4-7

Altars:
Ru

Annotations:
D:4 Grinder


Message History

Grinder is lightly wounded.
Grinder hits you but does no damage.
You hit Grinder.
Grinder is lightly wounded.
You hear the quick rusting of a distant drain.
Grinder hits you.
You writhe in agony.
You closely miss Grinder.
Grinder is lightly wounded.
Grinder closely misses you.
You hit Grinder.
Grinder is lightly wounded.
Grinder gestures at you.
You barely resist. You barely miss Grinder.
Grinder is lightly wounded.
Grinder gestures at you. Pain shoots through your body!
Press: ? - help, v - describe, . - travel
Here: Grinder, carrying a wand of flame (15) (lightly wounded)
The floor.
Unknown command.
Unknown command.
Unknown command.
You hit Grinder but do no damage.
Grinder is lightly wounded.
You hit Grinder.
Grinder is moderately wounded.
Grinder gestures at you.
You suddenly lose the ability to move!
Grinder hits you.
You writhe in agony.
Grinder zaps a wand.
The puff of flame hits you. Grinder hits you!
* * * LOW HITPOINT WARNING * * *
Grinder hits you.
* * * LOW HITPOINT WARNING * * *
Grinder hits you but does no damage. Grinder hits you.
* * * LOW HITPOINT WARNING * * *
You writhe in agony.
You die...

######
#....#############
#....##..........#
#....##..........#
...###.......@........#
.......<...#.5....[...#
......................#
...###.....#..........#
.. #....##รท.........#
#.....##(.........#
#..#######.######..#
.... #J..........#.##
.##.# #.####.####.#.#


You could see Grinder.

Vanquished Creatures
  4 adders
  4 gnolls (D:2)
  A worm (D:3)
  2 dart slugs
  An orc (D:3)
  6 ball pythons
  9 bats
  4 endoplasms
  2 giant cockroaches
  2 goblins
  5 hobgoblins
  2 quokkas (D:1)
  5 frilled lizards
  3 kobolds
  4 rats
54 creatures vanquished.

Notes
Turn   | Place    | Note
-------+----------+-------------------------------------------
     0 | D:1      | Gabide the Human Monk began the quest for the Orb.
     0 | D:1      | Reached XP level 1. HP: 18/18 MP: 1/1
   153 | D:1      | Reached XP level 2. HP: 24/24 MP: 2/2
   448 | D:1      | Found a faded altar of an unknown god.
   817 | D:1      | Reached XP level 3. HP: 9/29 MP: 3/3
  2249 | D:2      | Reached XP level 4. HP: 35/35 MP: 4/4
  3018 | D:2      | Reached skill level 1 in Armour
  3021 | D:2      | Reached XP level 5. HP: 41/41 MP: 5/5
  4299 | D:4      | Noticed Grinder
  4309 | D:4      | Paralysed by Grinder for 6 turns
  4325 | D:4      | Found a sacrificial altar of Ru.
  4741 | D:4      | Paralysed by Grinder for 5 turns
  4756 | D:4      | Paralysed by Grinder for 6 turns
  4762 | D:4      | HP: 1/41 [Grinder (5)]
  4762 | D:4      | Slain by Grinder

Illustrated notes

Levels and vault maps discovered:
D:1:      dpeg_arrival_simpleton_b, layout_loops_cross, serial_co_window_serial,
          co_window_paths_a, co_window_corner_a, co_window_paths_a,
          co_window_paths_b, co_window_corner_a, co_window_corner_a,
          co_window_paths_c, co_window_of_opportunity_c,
          co_window_unsneaky_path_b, co_window_paths_c, co_window_cross_4,
          co_window_4corner_b, glass_columns_b, glass_columns_a,
          glass_columns_a, glass_columns_a, glass_columns_c,
          hellmonk_ecumenical_altar_crossroads, serial_bayou_pond_a
D:2:      layout_basic
D:3:      layout_basic, corexii_leaking_fountain, interstate_on_off
D:4:      layout_rooms, okawaru_altar_gauntlet_db,
          nicolae_ru_sacrificial_ziggurat, gammafunk_ghost_abyssal_escape,
          portal_sewer_entry_f, uniq_grinder

Skill      XL: |  1  2  3  4  5 |
---------------+----------------+-----
Armour         | 1 |  1.5
Stealth        | 3 |  3.1
Fighting       | |  3.5
Polearms       | |  3.9
Dodging        | |  3.5

Action                   |  1- 3 |  4- 6 || total
-------------------------+-------+-------++-------
Melee: Spear             |    98 |   100 ||   198
Throw: Throwing net      |       |     5 ||     5
  Use: Scroll            |     4 |     7 ||    11
       Potion            |       |     1 ||     1
 Stab: Sleeping          |    10 |     4 ||    14
       Distracted        |       |     1 ||     1
Armor: Robe              |     5 |       ||     5
       Ring mail         |     2 |    15 ||    17
Dodge: Dodged            |    69 |    47 ||   116
